AoeStats
← corazon de seda

Black Forest

510285148Analyzed
4v4 RM · 22h ago on Sep 30, 2026· 55m 12s· 8 players
Game mode
Random Map
Map size
Large (8 player)
Population
200
Speed
Normal
Resources
Standard
Victory
Conquest
Starting age
Dark Age
Ending age
Imperial Age
RankedLock teamsTeams togetherTeam positionsShared explorationLock speedFull tech treeHidden civsTurbo modeCheats
Victory
Defeat
🇬🇧 Danes · United Kingdom
992
+14
🇦🇷 Khmer · Argentina
923
+17
🇹🇷 Slavs · Türkiye
901
+18
🇵🇰 Lithuanians · Pakistan
884
+18
🇨🇳 Franks · China
942
-17
🇻🇳 Armenians · Vietnam
939
-17
🇮🇳 Turks · India
936
-17
🇻🇳 Britons · Vietnam
934
-16
Capt. Abisto
0:35 Loom
11:44 Feudal Age
17:22 Wheelbarrow
17:24 Double-Bit Axe
17:23 Horse Collar
20:06 Castle Age
26:27 Imperial Age
31:56 Heavy Plow
37:57 Conscription
42:24 Bombard Tower
Holder
10:18 Feudal Age
11:07 Man-at-Arms
11:57 Arson
13:08 Double-Bit Axe
13:10 Horse Collar
18:42 Wheelbarrow
20:47 Castle Age
19:48 Gold Mining
19:28 Long Swordsman
23:16 Squires
22:50 Two-Handed Swordsman
24:57 Gambesons
26:46 Champion
28:20 Scale Mail Armor
28:31 Forging
37:32 Hand Cart
42:17 Imperial Age
40:05 Hand Cart
39:36 Loom
40:04 Bow Saw
40:33 Gold Shaft Mining
39:48 Stone Mining
Kennyciu
11:31 Feudal Age
16:36 Castle Age
14:54 Double-Bit Axe
28:24 Fletching
28:34 Padded Archer Armor
28:34 Gold Mining
28:41 Stone Mining
29:11 Bow Saw
32:29 Imperial Age
30:35 Wheelbarrow
31:59 Gold Shaft Mining
31:26 Bodkin Arrow
31:46 Leather Archer Armor
33:48 Conscription
34:38 Heated Shot
36:47 Yeomen
38:06 Bracer
38:21 Leather Archer Armor
39:12 Chemistry
40:35 Ballistics
41:50 Elite Longbowman
50:37 Squires
49:58 Pikeman
51:18 Halberdier
磐石
0:28 Loom
13:23 Feudal Age
17:20 Castle Age
16:17 Double-Bit Axe
20:18 Caravan
22:33 Wheelbarrow
25:18 Hand Cart
30:18 Imperial Age
29:37 Scale Barding Armor
29:43 Forging
32:42 Cavalier
33:50 Chain Barding Armor
34:06 Iron Casting
35:16 Plate Barding Armor
40:07 Blast Furnace
42:03 Gold Mining
43:17 Gambesons
43:32 Squires
42:53 Pikeman
43:56 Husbandry
47:26 Scale Mail Armor
47:25 Halberdier
47:44 Paladin
ralph85
1:14 Loom
14:26 Feudal Age
14:54 Double-Bit Axe
16:34 Horse Collar
19:30 Castle Age
18:35 Gold Mining
19:45 Stone Mining
19:51 Arson
21:21 Stone Shaft Mining
21:55 Bow Saw
24:58 Wheelbarrow
25:24 Heavy Plow
25:59 Squires
26:52 Gambesons
29:19 Masonry
29:06 Murder Holes
30:15 Scale Mail Armor
32:07 Forging
33:14 Pikeman
sonsehzadee
2:02 Loom
10:52 Feudal Age
17:04 Double-Bit Axe
20:04 Castle Age
21:46 Caravan
21:39 Horse Collar
21:54 Stone Mining
22:24 Bow Saw
25:36 Wheelbarrow
27:36 Detinets
28:30 Hand Cart
30:24 Heavy Plow
33:44 Imperial Age
34:12 Scale Barding Armor
34:18 Forging
34:55 Conscription
35:26 Elite Boyar
36:56 Chain Barding Armor
37:12 Iron Casting
37:31 Light Cavalry
38:23 Bloodlines
38:14 Husbandry
39:14 Gold Mining
39:59 Crop Rotation
38:59 Hussar
40:47 Plate Barding Armor
54:48 Spies/Treason
Naughty Grandpa
12:42 Feudal Age
13:14 Double-Bit Axe
13:39 Man-at-Arms
14:30 Gold Mining
15:21 Wheelbarrow
16:42 Arson
22:43 Castle Age
21:11 Forging
21:02 Scale Mail Armor
22:00 Stone Mining
23:43 Horse Collar
26:24 Long Swordsman
31:32 Iron Casting
31:32 Bloodlines
31:25 Light Cavalry
33:05 Pikeman
34:05 Squires
35:12 Chain Mail Armor
40:14 Imperial Age
38:34 Hand Cart
41:07 Imperial Age
38:53 Hand Cart
39:28 Elite Skirmisher
40:35 Bow Saw
40:37 Fletching
40:48 Padded Archer Armor
41:41 Halberdier
43:51 Bodkin Arrow
44:12 Leather Archer Armor
44:46 Conscription
44:31 Tower Shields
49:04 Bracer
49:35 Ring Archer Armor
49:37 Winged Hussar
50:26 Scale Barding Armor
corazon de seda
13:09 Feudal Age
14:48 Horse Collar
22:11 Castle Age
20:27 Double-Bit Axe
23:32 Bow Saw
24:15 Stone Mining
24:54 Gold Mining
26:08 Fortified Wall
27:11 Stone Shaft Mining
27:48 Gold Shaft Mining
30:27 Heavy Plow
36:48 Imperial Age
34:57 Wheelbarrow
36:52 Elite Ballista Elephant
38:07 Double Crossbow
40:21 Husbandry
40:31 Bloodlines
40:49 Scale Barding Armor
45:24 Chain Barding Armor
48:07 Plate Barding Armor
49:39 Conscription
Connection lost

Rejoining the realm…

Still unreachable

The connection could not be restored.

Session expired

The server has moved on; the page needs a fresh start.